 Dungeon Crawl Stone Soup version 0.30.1-11-g7821555f0a (webtiles) character file.

Game seed: 6229546453874615795

28 lonewolfV2 the Trooper (level 3, 33/33 HPs)
             Began as a Minotaur Fighter on Nov 3, 2023.
             Got out of the dungeon alive.
             The game lasted 00:01:09 (482 turns).

lonewolfV2 the Trooper (Minotaur Fighter)            Turns: 482, Time: 00:01:09

Health: 33/33      AC:  6    Str: 20    XL:     3   Next: 0%
Magic:  2/2        EV: 10    Int:  7    God:
Gold:   29         SH:  4    Dex:  9    Spells: 2/2 levels left

rFire   . . .        a - +0 war axe
rCold   . . .        c - +0 buckler
rNeg    . . .        b - +0 scale mail
rPois   .            (helmet restricted)
rElec   .            (no cloak)
rCorr   .            (no gloves)
SInv    .            (no boots)
Will    .....        (no amulet) Stlth
                     (no ring)
HPRegen 0.25/turn    (no ring)
MPRegen 0.08/turn

%: no passive effects
@: no status effects
A: horns 2, retaliatory headbutt
a: no special abilities


You escaped.
You visited 1 branch of the dungeon, and saw 1 of its levels.

You collected 29 gold pieces.

Inventory:

Hand Weapons
 a - a +0 war axe (weapon)
Armour
 b - a +0 scale mail (worn)
 c - a +0 buckler (worn)
Scrolls
 e - a scroll of identify {unknown}
 f - a scroll of enchant weapon {unknown}
Potions
 d - a potion of might


   Skills:
 + Level 4.1 Fighting
 - Level 2.4 Axes
 - Level 3.6 Armour
 * Level 2.4 Dodging
 - Level 3.6 Shields


You had 2 spell levels left.
You didn't know any spells.
Your spell library was empty.

Dungeon Overview and Level Annotations

Branches:
Dungeon (1/15)

Altars:


Innate Abilities, Weirdness & Mutations

You have a pair of horns on your head.
You reflexively headbutt those who attack you in melee.


Message History

You block the ball python's attack. The ball python constricts you.
You closely miss the ball python.
The ball python is moderately wounded.
The ball python bites you but does no damage.
The ball python constricts you. The ball python closely misses you.
The ball python constricts you.
A ball python is nearby!
A ball python is nearby!
A ball python is nearby!
You escape the ball python's grasp.
You barely miss the ball python.
The ball python is moderately wounded.
The ball python bites you but does no damage.
The ball python barely misses you. You block the ball python's attack.
The ball python grabs you. The ball python constricts you.
You hit the ball python but do no damage.
You headbutt the ball python, but do no damage.
The ball python is moderately wounded.
The ball python bites you. The ball python constricts you.
The ball python bites you but does no damage.
The ball python constricts you.
You barely miss the ball python.
The ball python is moderately wounded.
The ball python bites you but does no damage.
The ball python constricts you. The ball python completely misses you.
The ball python constricts you.
You hit the ball python.
The ball python is severely wounded.
The ball python barely misses you. The ball python constricts you.
You closely miss the ball python. You headbutt the ball python.
You kill the ball python!
You have reached level 3!
Your experience leads to an increase in your attributes!
Increase (S)trength, (I)ntelligence, or (D)exterity?
You feel clever. x2
You see here a jackal corpse.
You see here a quokka skeleton.
There is a staircase leading out of the dungeon here.
Are you sure you want to leave the Dungeon?
This will make you lose the game!
You have escaped!

.÷.....)..#..#.##.......#
.#...).÷....PPP........###
.#).......#.......PP.....#
.#......>.PPP...♣.P....#.#
.#######.P.........♣.♣♣..#
.# #....P..P.P...P.♣.# .#
#..P..P.....P.....# .###
#.P.♣..........♣..#
...#####..P.P...@...P...##
.#.#...#................#
.#.#.#.#.♣.P.P.....P..P.#
.#.#.#...♣P....P.P..P.♣.#
.#.#.####♣.........♣....#
.#.#.....#....PP.P♣.♣..##
.#.#####.##...♣...♣...##
.#.#...#.###..P...P..##
#.#.#.#.####.########


There were no monsters in sight!

Vanquished Creatures
  A ball python (D:1)
  3 endoplasms (D:1)
  A giant cockroach (D:1)
  4 goblins (D:1)
  4 hobgoblins (D:1)
  2 jackals (D:1)
  A quokka (D:1)
  2 bats (D:1)
  2 kobolds (D:1)
  3 rats (D:1)
23 creatures vanquished.

Notes
Turn   | Place    | Note
-------+----------+-------------------------------------------
     0 | D:1      | lonewolfV2 the Minotaur Fighter began the quest for the
                  | Orb.
     0 | D:1      | Reached XP level 1. HP: 19/19 MP: 0/0
    94 | D:1      | Reached skill level 1 in Dodging
   169 | D:1      | Reached XP level 2. HP: 26/26 MP: 1/1
   212 | D:1      | Reached skill level 4 in Fighting
   449 | D:1      | Reached XP level 3. HP: 28/33 MP: 2/2
   482 | D:$      | Got out of the dungeon alive.

Illustrated notes

Levels and vault maps discovered:
D:1:      wander_arrival_fairy_ring, layout_basic, minmay_misc_feat_nine_boxes

Skill      XL: |  1  2 |
---------------+-------+-----
Dodging        | 1 2 |  2.4
Fighting       | 4 |  4.1
Axes           | |  2.4
Armour         | |  3.6
Shields        | |  3.6

Action                     || total
---------------------------++-------
  Melee: War axe           ||    47
         Headbutt          ||     7
 Armour: Scale mail        ||    27
  Dodge: Dodged            ||    29
  Block: Buckler           ||    15
